 Dungeon Crawl Stone Soup version 0.31-a0-217-g58bb5d79cf (webtiles) character file.

Game seed: 18424430324961723065

154 qw the Chopper (level 5, 0/32 HPs)
             Began as a Gargoyle Fighter on July 2, 2023.
             Slain by Grinder (4 damage)
             ... on level 3 of the Dungeon.
             The game lasted 00:01:17 (2440 turns).

qw the Chopper (Gargoyle Fighter)                   Turns: 2440, Time: 00:01:17

Health: 0/32       AC: 10    Str: 21    XL:     5   Next: 36%
Magic:  5/5        EV:  9    Int:  9    God:
Gold:   146        SH:  4    Dex:  9    Spells: 4/4 levels left

rFire   + . .        k - +2 war axe (holy)
rCold   + . .        c - +0 buckler
rNeg    + . .        b - +0 scale mail
rPois   inf          (no helmet)
rElec   +            g - scarf {rC+ rF+}
rCorr   .            (no gloves)
SInv    .            (no boots)
Will    .....        (no amulet) Stlth
                     (no ring)
HPRegen 0.25/turn    (no ring)
MPRegen 0.09/turn

%: no passive effects
@: no status effects
A: sickness immunity, AC +4, negative energy resistance 1, electricity
resistance, torment resistance 1, petrification resistance
a: no special abilities


You were on level 3 of the Dungeon.
You visited 1 branch of the dungeon, and saw 3 of its levels.

You collected 146 gold pieces.


Innate Abilities, Weirdness & Mutations

You are immune to sickness and miasma.
Your stone body is resilient. (AC +4)
You are immune to poison.
You resist negative energy. (rN+)
You are resistant to electric shocks. (rElec)
You are resistant to unholy torment.
You are immune to petrification.


   Skills:
 - Level 3.2 Fighting
 + Level 4.9 Axes
 - Level 3.2 Armour
 - Level 3.2 Shields


You had 4 spell levels left.
You didn't know any spells.
Your spell library was empty.

Inventory:

Hand Weapons
 f - a +0 morningstar
 k - a +2 war axe of holy wrath (weapon)
Armour
 b - a +0 scale mail (worn)
 c - a +0 buckler (worn)
 g - a scarf of resistance (worn)
 j - a scarf of invisibility
Scrolls
 e - a scroll of identify
 l - a scroll of enchant armour
Potions
 a - a potion of resistance
 d - a potion of might
 h - 3 potions of curing
 i - a potion of attraction {unknown}

Dungeon Overview and Level Annotations

Branches:
Dungeon (3/15)

Altars:

Annotations:
D:3 Grinder


Message History

You slash Grinder!
Grinder convulses!
Grinder is heavily wounded.
Grinder blinks!
Grinder gestures at you.
You suddenly lose the ability to move!
Grinder hits you but does no damage. Grinder gestures at you.
You shrug off the repeated paralysis!
Grinder says, "Make like a tree!"
Grinder gestures at you.
You barely resist.
You can move again.
You completely miss Grinder.
Grinder is heavily wounded.
Grinder hits you.
You writhe in agony.
You closely miss Grinder.
Grinder is heavily wounded.
Grinder closely misses you. Grinder barely misses you.
You barely miss Grinder.
Grinder is heavily wounded.
Grinder hits you.
You closely miss Grinder.
Grinder is heavily wounded.
Grinder gestures at you.
You suddenly lose the ability to move!
Grinder gestures at you. Pain shoots through your body! Grinder hits you.
Grinder hits you but does no damage.
You can move again.
You hit Grinder.
Grinder convulses.
Grinder is severely wounded.
Grinder hits you. Grinder barely misses you.
You barely miss Grinder.
Grinder is severely wounded.
Grinder hits you!
You writhe in agony.
You hit Grinder.
Grinder convulses.
Grinder is almost dead.
Grinder hits you.
You die...

###+#### ######.#
#......# ######...##.#
#......# .....#...##.#
#......#
.....'....#.####......#
.....#....#..........)#
./...#....#.....@#+####
.....#....#.....5#
.....#....#......#
..........#.######
..........#.#
..........#.######
......###.#......#.
......+............
......###.######.#.


You could see Grinder.

Vanquished Creatures
  An orc priest (D:3)
  A sleepcap (D:3)
  4 adders
  A worm (D:2)
  2 dart slugs (D:2)
  3 orcs
  7 bats
  5 endoplasms
  A giant cockroach (D:2)
  5 hobgoblins
  5 kobolds
  A quokka (D:1)
  7 ball pythons
  7 frilled lizards
  3 goblins
  5 rats (D:2)
58 creatures vanquished.

Notes
Turn   | Place    | Note
-------+----------+-------------------------------------------
     0 | D:1      | qw the Gargoyle Fighter began the quest for the Orb.
     0 | D:1      | Reached XP level 1. HP: 14/14 MP: 1/1
     0 | D:1      | 0 ||| qw: Version: 0.3-a-40-ge99b1a8
     0 | D:1      | 0 ||| qw: Game counter: 214
     0 | D:1      | 0 ||| qw: Melee chars always use a shield: true
     0 | D:1      | 0 ||| qw: God list: Okawaru
     0 | D:1      | 0 ||| qw: Allow faded altars: false
     0 | D:1      | 0 ||| qw: Do Orc after clearing Dungeon:15 true
     0 | D:1      | 0 ||| qw: Do second Lair branch before Depths: true
     0 | D:1      | 0 ||| qw: Lair rune preference: random
     0 | D:1      | 0 ||| qw: Goals: Normal, Zot:1-4, Slime:5, God:TSO, Crypt,
                  | Tomb, Abyss, Pan, Hells, Win
     0 | D:1      | 0 ||| PLANNING D:1-11
    80 | D:1      | Reached skill level 2 in Axes
    99 | D:1      | 99 ||| READING scroll labelled VELUPH AQAOPYU.
   311 | D:1      | Reached XP level 2. HP: 14/19 MP: 2/2
  1135 | D:1      | Reached skill level 3 in Axes
  1211 | D:1      | 1211 ||| UPGRADING to scarf of resistance.
  1216 | D:1      | 1216 ||| READING 2 scrolls labelled FARUGI JOUJAUCW.
  1217 | D:1      | 1217 ||| READING scroll labelled EMANEU LIUHIG.
  1273 | D:2      | Reached XP level 3. HP: 21/23 MP: 3/3
  1452 | D:2      | 1452 ||| Stepping ~*~*~tactically~*~*~ (stealth).
  1455 | D:2      | 1455 ||| Stepping ~*~*~tactically~*~*~ (stealth).
  1523 | D:2      | 1523 ||| Stepping ~*~*~tactically~*~*~ (hiding).
  1524 | D:2      | 1524 ||| Stepping ~*~*~tactically~*~*~ (hiding).
  1694 | D:2      | Reached XP level 4. HP: 23/28 MP: 4/4
  1698 | D:2      | 1698 ||| FLEEEEING.
  1699 | D:2      | 1699 ||| FLEEEEING.
  1700 | D:2      | 1700 ||| FLEEEEING.
  1701 | D:2      | 1701 ||| FLEEEEING.
  1702 | D:2      | 1702 ||| FLEEEEING.
  1703 | D:2      | 1703 ||| STAIRDANCE
  1711 | D:1      | 1711 ||| READING scroll labelled YSEJEFU TISOM.
  1712 | D:1      | 1712 ||| READING scroll labelled VIPROA ULEIM.
  1713 | D:1      | 1713 ||| READING scroll labelled KUIRIJERAE.
  1714 | D:1      | 1714 ||| DRINKING 4 grey potions.
  1725 | D:2      | 1725 ||| DROPPING +0 club.
  2007 | D:2      | 2007 ||| READING scroll labelled ZIEFFO INAO.
  2008 | D:2      | 2008 ||| READING scroll labelled EDGHAI POXTEADGH.
  2009 | D:2      | 2009 ||| READING scroll labelled SUZOIR FUUHERY.
  2010 | D:2      | 2010 ||| READING 2 scrolls of identify.
  2010 | D:2      | 2010 ||| IDENTIFYING clear potion
  2085 | D:3      | Reached skill level 4 in Axes
  2184 | D:3      | 2184 ||| Stepping ~*~*~tactically~*~*~ (stealth).
  2292 | D:3      | 2292 ||| Stepping ~*~*~tactically~*~*~ (stealth).
  2336 | D:3      | Reached XP level 5. HP: 26/32 MP: 5/5
  2361 | D:3      | 2361 ||| SWAPPING to +2 war axe of holy wrath.
  2362 | D:3      | 2362 ||| DROPPING +1 war axe.
  2421 | D:3      | Noticed Grinder
  2426 | D:3      | Paralysed by Grinder for 5 turns
  2434 | D:3      | Paralysed by Grinder for 4 turns
  2439 | D:3      | HP: 6/32 [Grinder (7)]
  2440 | D:3      | Slain by Grinder

Levels and vault maps discovered:
D:1:      arrival_zaba_pyramid, layout_basic, ebering_dispersal_statue_hall,
          grunt_decor_cap
D:2:      layout_rooms, serial_curves, eino_curves_02, eino_curves_02,
          dk_noncrumbling_2
D:3:      layout_basic, hellmonk_no_cap, uniq_grinder

Skill      XL: |  1  2  3  4 |
---------------+-------------+-----
Axes           | 2 3 4 |  4.9
Fighting       | |  3.2
Armour         | |  3.2
Shields        | |  3.2

Action                     |  1- 3 |  4- 6 || total
---------------------------+-------+-------++-------
  Melee: War axe           |   136 |    54 ||   190
    Use: Scroll            |     3 |     7 ||    10
         Potion            |       |     1 ||     1
 Armour: Scale mail        |    80 |    17 ||    97
  Dodge: Dodged            |    73 |    23 ||    96
  Block: Buckler           |    25 |     6 ||    31

Table legend:
 A = Non-vault XP
 B = Vault XP
 C = Vault XP percentage of total XP
 D = Non-vault monster count
 E = Vault monster count
 F = Vault count percentage of total count
                 A         B        C        D         E       F
            +---------+---------+-------+---------+---------+-------
      Total |     178 |      43 |  19.5 |      55 |       3 |   5.2
            +---------+---------+-------+---------+---------+-------
        D:1 |      30 |       0 |   0.0 |      21 |       0 |   0.0
        D:2 |      68 |       0 |   0.0 |      24 |       0 |   0.0
        D:3 |      80 |      43 |  35.0 |      10 |       3 |  23.1
            +---------+---------+-------+---------+---------+-------
